 Dungeon Crawl Stone Soup version 0.21-a0-346-g330ab2c (webtiles) character file.

28 mopl the Skirmisher (level 3, 35/35 HPs)
             Began as a Gnoll Berserker on Oct 5, 2017.
             Was a Follower of Trog.
             Quit the game on level 2 of the Dungeon.
             The game lasted 00:02:08 (980 turns).

mopl the Skirmisher (Gnoll Berserker)                Turns: 980, Time: 00:02:09

Health: 35/35      AC:  2    Str: 19    XL:     3   Next: 14%
Magic:  3/3        EV: 14    Int:  9    God:    Trog [*.....]
Gold:   103        SH:  0    Dex: 15    Spells: 3/3 levels left

rFire    . . .     SeeInvis .   a - +0 mace
rCold    + . .     Gourm    .   (no shield)
rNeg     . . .     Faith    .   b - +0 animal skin
rPois    .         Spirit   .   (no helmet)
rElec    .         Reflect  .   (no cloak)
rCorr    .         Harm     .   (no gloves)
MR       .....                  (no boots)
Stlth    +.........             (no amulet)
HPRegen  0.11/turn              k - ring of loudness (curse)
MPRegen  0.08/turn              l - ring of protection from cold

@: no status effects
A: distributed training, fangs 1, strong nose
a: Berserk, Burn Spellbooks, Renounce Religion


You were on level 2 of the Dungeon.
You worshipped Trog.
Trog was aware of your devotion.
You were not hungry.

You visited 1 branch of the dungeon, and saw 2 of its levels.

You collected 103 gold pieces.

Inventory:

Hand Weapons
 a - a +0 mace (weapon)
Missiles
 d - 5 needles of sleeping
Armour
 b - a +0 animal skin (worn)
Jewellery
 k - a cursed ring of loudness (left hand)
 l - a ring of protection from cold (right hand)
Scrolls
 e - 3 scrolls of enchant armour {unknown}
 g - 4 scrolls of identify {unknown}
 h - a scroll of noise {unknown}
 j - a scroll of blinking {unknown}
Potions
 f - a potion of flight {unknown}
 i - 2 potions of haste {unknown}
Comestibles
 c - 2 bread rations
 m - 3 chunks of flesh


   Skills:
 + Level 6.5 Fighting
 + Level 0.6 Short Blades
 + Level 0.6 Long Blades
 + Level 0.6 Axes
 + Level 6.5 Maces & Flails
 + Level 0.6 Polearms
 + Level 0.6 Staves
 + Level 0.6 Slings
 + Level 0.6 Bows
 + Level 0.6 Crossbows
 + Level 0.6 Throwing
 + Level 4.5 Armour
 + Level 4.5 Dodging
 + Level 0.6 Stealth
 + Level 0.6 Shields
 + Level 0.6 Unarmed Combat
 + Level 0.6 Spellcasting
 + Level 0.6 Conjurations
 + Level 0.6 Hexes
 + Level 0.6 Charms
 + Level 0.6 Summonings
 + Level 0.6 Necromancy
 + Level 0.6 Translocations
 + Level 0.6 Transmutations
 + Level 0.6 Fire Magic
 + Level 0.6 Ice Magic
 + Level 0.6 Air Magic
 + Level 0.6 Earth Magic
 + Level 0.6 Poison Magic
 + Level 0.6 Invocations
 + Level 0.6 Evocations


You had 3 spell levels left.
You didn't know any spells.

Dungeon Overview and Level Annotations

Branches:
Dungeon (2/15)

Altars:


Innate Abilities, Weirdness & Mutations

Your experience applies equally to all skills.
You have very sharp teeth.
Your uncanny sense of smell can sniff out nearby items.


Message History

You hit the adder.
The adder is lightly wounded.
The adder bites you. The adder misses you.
You sock the adder!
You kill the adder!
Trog accepts your kill.
You have reached level 3!
Your experience leads to an increase in your attributes!
Increase (S)trength, (I)ntelligence, or (D)exterity?
You feel agile.
You see here an adder corpse.
You butcher the adder corpse.
m - 3 chunks of flesh (gained 2)
You start resting.
HP restored.
You now have 103 gold pieces (gained 17).
Describe a (M)onster, (S)pell, s(K)ill, (A)bility, (C)ard, (I)tem, (F)eature, (G)od, (B)ranch, c(L)oud or s(T)atus?
Okay, then.
Unknown command.
Are you sure you want to abandon this character and quit the game? (Confirm with "yes".)

#.# #.# ### ... ..# #.#
#.# #.# #.# #.# # #.# #.#
#.# .#
#.#####.###.#####.###.####
..........@..............
#.#......##.#####.#.#..###
#......##.#####.........
#......##.#..........###
#...............รท.......
#......##.#.........#.##
#####..........<....#
................>....
#######.#####.#.#..#..


There were no monsters in sight!

Vanquished Creatures
  2 adders (D:2)
  3 goblins (D:1)
  A hobgoblin (D:1)
  2 bats (D:1)
  2 frilled lizards (D:1)
  A kobold (D:1)
  2 rats (D:1)
13 creatures vanquished.

Notes
Turn   | Place    | Note
-------+----------+-------------------------------------------
     0 | D:1      | mopl the Gnoll Berserker began the quest for the Orb.
     0 | D:1      | Reached XP level 1. HP: 23/23 MP: 1/1
   369 | D:1      | Reached XP level 2. HP: 29/29 MP: 2/2
   852 | D:2      | Reached XP level 3. HP: 21/35 MP: 3/3
   980 | D:2      | Quit the game

Vault maps used:
D:1:      eino_arrival_cavern_e
D:2:      kennysheep_generic_room_11

Action                   || total
-------------------------++-------
Melee: Mace              ||    32
       Bite              ||     5
Armor: Animal skin       ||     2
Dodge: Dodged            ||    23

Table legend:
 A = Spawn XP
 B = Non-spawn XP
 C = Spawn XP percentage of total XP
 D = Spawn monster count
 E = Non-spawn monster count
 F = Spawn count percentage of total count
 G = Total turns spent on level
                    A         B        C        D         E        F      G
               +---------+---------+-------+---------+---------+-------+---------
         Total |       0 |      41 |   0.0 |       0 |      13 |   0.0 |   980
               +---------+---------+-------+---------+---------+-------+---------
           D:1 |       0 |      15 |   0.0 |       0 |      11 |   0.0 |   829
           D:2 |       0 |      26 |   0.0 |       0 |       2 |   0.0 |   151
               +---------+---------+-------+---------+---------+-------+---------
